 Dungeon Crawl Stone Soup version 0.31.0-32-g396128a36d (webtiles) character file.

Game seed: 5096845576969709888

506 Peloso the Slasher (level 6, -1/56 HPs)
             Began as a Minotaur Fighter on Apr 23, 2024.
             Slain by an orc warrior
             ... wielding a +0 glaive
              (7 damage)
             ... on level 4 of the Dungeon.
             The game lasted 00:06:34 (3069 turns).

Peloso the Slasher (Minotaur Fighter)               Turns: 3069, Time: 00:06:35

Health: -1/56      AC: 12    Str: 21    XL:     6   Next: 97%
Magic:  5/5        EV:  8    Int:  5    God:
Gold:   125        SH:  5    Dex: 11    Spells: 5/5 levels left

rFire   + . .        a - +0 long sword
rCold   . . .        d - +0 buckler
rNeg    . . .        c - +1 chain mail
rPois   .            (helmet restricted)
rElec   .            (no cloak)
rCorr   .            (no gloves)
SInv    +            f - +0 pair of boots
Will    .....        (no amulet) Stlth
                     l - ring of protection from fire
HPRegen 0.29/turn    (no ring)
MPRegen 0.09/turn

%: no passive effects
@: no status effects
A: horns 2, retaliatory headbutt
a: no special abilities


You were on level 4 of the Dungeon.
You visited 1 branch of the dungeon, and saw 4 of its levels.

You collected 125 gold pieces.

Inventory:

Hand Weapons
 a - a +0 long sword (weapon)
Missiles
 i - a throwing net (quivered)
Armour
 c - a +1 chain mail (worn)
 d - a +0 buckler (worn)
 f - a +0 pair of boots (worn)
Magical Staves
 b - a staff of fire
Jewellery
 l - a ring of protection from fire (left hand)
Talismans
 j - a dragon-blood talisman
Wands
 n - a wand of digging (3)
Potions
 e - a potion of lignification
 g - a potion of might
 k - a potion of degeneration {unknown}
 m - a potion of ambrosia {unknown}
 p - a potion of attraction {unknown}
 q - a potion of enlightenment {unknown}


   Skills:
 + Level 5.4 Fighting
 + Level 6.0 Long Blades
 + Level 5.7 Armour
 + Level 1.1 Dodging
 + Level 0.1 Stealth
 + Level 4.5 Shields


You had 5 spell levels left.
You didn't know any spells.
Your spell library contained the following spells:

 Spells                   Type           Power      Damage    Failure   Level
 Tukima's Dance           Hex            0%         N/A       100%        3
 Dimensional Bullseye     Hex/Tloc       0%         N/A       100%        4
 Iskenderun's Mystic Bla  Conj/Tloc      0%         2d3       100%        4


Dungeon Overview and Level Annotations

Branches:
Dungeon (4/15)             Temple (0/1) D:4

Altars:

Annotations:
D:4 Natasha


Innate Abilities, Weirdness & Mutations

You have a pair of horns on your head.
You reflexively headbutt those who attack you in melee.


Message History

Natasha claws you but does no damage.
You completely miss Natasha.
The ribbon worm bites you but does no damage.
Natasha barely misses you. You furiously retaliate!
You headbutt Natasha. You slash Natasha! Your headbutt misses Natasha.
Natasha is almost dead.
The ribbon worm misses you.
Natasha casts a spell.
An orc comes into view. It is wielding a +0 dagger.
You closely miss Natasha.
Natasha is almost dead.
The ribbon worm barely misses you. You furiously retaliate!
You headbutt the ribbon worm.
The orc warrior hits you from afar with a +0 glaive!
Natasha closely misses you. The cerulean imp closely misses you.
Unknown command.
As you read the scroll labelled MEWAOM XERUW, it crumbles to dust.
It is a scroll of identify.
e - a potion of lignification Natasha casts a spell at you.
The magic dart hits you!
The orc warrior hits you from afar with a +0 glaive!
* * * LOW HITPOINT WARNING * * *
The ribbon worm bites you but does no damage.
The cerulean imp hits you from afar with a +2 spear.
* * * LOW HITPOINT WARNING * * *
Natasha attacks as she pursues you! Natasha barely misses you.
The orc warrior attacks as it pursues you!
You block the orc warrior's attack.
The cerulean imp hits you but does no damage.
You block the ribbon worm's attack.
There is an open door here.
Natasha attacks as she pursues you! Natasha claws you.
* * * LOW HITPOINT WARNING * * *
As you read the scroll labelled LOECEP DAUC, it crumbles to dust.
You feel aware of your surroundings.
It was a scroll of revelation.
Natasha claws you.
* * * LOW HITPOINT WARNING * * *
The orc warrior hits you from afar with a +0 glaive!
You die...

...)...####.....##'#####....#***
.......'..#.....#......#....#
.......#..+.....#o.....#....#
....(..####.....#.######....#
####'####....####o#.......###
,,,#....+....#...o#.......#
,,,#....#....#.5wo#.......#
+**#.##'#>...####h#.......#
,,*#.#....#+##..@.........#
,,+..#....#..#............#
,,#..#....#..#............#
,,#..#....#..#............#
,,#..#....#..#............#
,,*,,#....#..#............#
,,*+*#....####............#******
*,,,,...####.....#####.....,,,,,*
*,,,,,,,*,,*.....*,,,*....,,,,,,*


You could see an orc warrior, a ribbon worm, Natasha, a cerulean imp (summoned)
and 3 orcs.

Vanquished Creatures
  Edmund (D:4)
  A hound (D:3)
  A jelly (D:3)
  An orc priest (D:3)
  An iguana (D:3)
  2 orc wizards (D:4)
  A sleepcap (D:4)
  Robin (D:3)
  4 adders
  2 dart slugs (D:2)
  A ribbon worm (D:2)
  15 orcs
  14 ball pythons
  5 bats
  9 endoplasms
  4 giant cockroaches
  18 goblins
  8 hobgoblins
  4 jackals (D:1)
  10 kobolds
  7 quokkas
  8 frilled lizards
  7 rats
125 creatures vanquished.

Notes
Turn   | Place    | Note
-------+----------+-------------------------------------------
     0 | D:1      | Peloso the Minotaur Fighter began the quest for the Orb.
     0 | D:1      | Reached XP level 1. HP: 19/19 MP: 0/0
   152 | D:1      | Reached XP level 2. HP: 27/27 MP: 1/1
   400 | D:1      | Reached skill level 3 in Long Blades
   410 | D:1      | Reached XP level 3. HP: 30/33 MP: 2/2
  1174 | D:2      | Reached XP level 4. HP: 38/40 MP: 3/3
  1672 | D:3      | Reached skill level 4 in Long Blades
  1672 | D:3      | Reached XP level 5. HP: 46/47 MP: 4/4
  1873 | D:3      | Reached skill level 5 in Long Blades
  1877 | D:3      | Reached skill level 5 in Fighting
  2071 | D:3      | Noticed Robin
  2081 | D:3      | Killed Robin
  2223 | D:3      | Reached skill level 5 in Armour
  2223 | D:3      | Reached XP level 6. HP: 40/56 MP: 5/5
  2877 | D:4      | Noticed Edmund
  2900 | D:4      | Killed Edmund
  2901 | D:4      | Reached skill level 6 in Long Blades
  2901 | D:4      | Reached skill level 1 in Dodging
  3058 | D:4      | Noticed Natasha
  3060 | D:4      | Noticed an orc warrior
  3069 | D:4      | Slain by an orc warrior

Illustrated notes

Levels and vault maps discovered:
D:1:      spicycebolla_arrival_transporter_tutorial, layout_loops_ring
D:2:      layout_basic, minmay_octomino_c4
D:3:      kennysheep_big_flooded_room, layout_basic, st_stairs_3, uniq_robin
D:4:      layout_gridville, minmay_temple_entry_stoned_glass, uniq_edmund,
          uniq_natasha, uniq_pikel

Skill      XL: |  1  2  3  4  5  6 |
---------------+-------------------+-----
Armour         | 4 5 |  5.7
Fighting       | 4 5 |  5.4
Long Blades    | 3 4 5 6 |  6.0
Shields        | 4 |  4.5
Dodging        | 1 |  1.1
Stealth        | |  0.1

Action                     |  1- 3 |  4- 6 || total
---------------------------+-------+-------++-------
  Melee: Long sword        |   103 |   199 ||   302
         Headbutt          |     7 |    33 ||    40
    Use: Scroll            |       |     6 ||     6
         Potion            |       |     2 ||     2
 Armour: Scale mail        |     5 |       ||     5
         Chain mail        |    78 |   190 ||   268
  Dodge: Dodged            |    54 |    93 ||   147
  Block: Buckler           |    34 |    62 ||    96
